 Dungeon Crawl Stone Soup version 0.30-a0-341-g682706514a (webtiles) character file.

Game seed: 10300420444085175746

480 pokeman the Magician (level 6, -3/35 HPs)
             Began as a Deep Elf Hedge Wizard on Nov 2, 2022.
             Was an Initiate of Vehumet.
             Succumbed to a water moccasin's poison
             ... on level 5 of the Dungeon.
             The game lasted 00:09:29 (5407 turns).

pokeman the Magician (Deep Elf Hedge Wizard)        Turns: 5407, Time: 00:09:29

Health: -3/35      AC:  5    Str: 10    XL:     6   Next: 86%
Magic:  8/18       EV: 16    Int: 24    God:    Vehumet [......]
Gold:   229        SH:  0    Dex: 12    Spells: 8/19 levels left

rFire   . . .      SeeInvis .    v - +2 dagger (venom)
rCold   + . .      Faith    .    (no shield)
rNeg    . . .      Spirit   .    w - +1 robe {rC+}
rPois   .          Reflect  .    D - +0 helmet
rElec   .          Harm     .    (no cloak)
rCorr   .          Rampage  .    (no gloves)
Will    .....                    p - +0 pair of boots
Stlth   ++........               o - amulet of regeneration
HPRegen 1.05/turn                u - +4 ring of slaying
MPRegen 0.16/turn                A - +4 ring of evasion

@: lethally poisoned (-3 -> -14), attractive
A: clever 1, strong 1, MP-powered wands
a: Renounce Religion


You were on level 5 of the Dungeon.
You worshipped Vehumet.
Vehumet was noncommittal.
You visited 2 branches of the dungeon, and saw 6 of its levels.

You collected 229 gold pieces.

Inventory:

Hand Weapons
 v - a +2 dagger of venom (weapon)
Missiles
 x - a throwing net
Armour
 p - a +0 pair of boots (worn)
 w - a +1 robe of cold resistance (worn)
 D - a +0 helmet (worn)
Jewellery
 o - an amulet of regeneration (around neck)
 u - a +4 ring of slaying (left hand)
 A - a +4 ring of evasion (right hand)
Wands
 c - a wand of charming (9)
Scrolls
 b - 3 scrolls of silence {unknown}
 e - 5 scrolls of identify {unknown}
 h - 2 scrolls of blinking {unknown}
 j - a scroll of poison {unknown}
 m - a scroll of summoning {unknown}
 n - a scroll of fear {unknown}
 r - 3 scrolls of butterflies {unknown}
 s - a scroll of enchant weapon {unknown}
 y - a scroll of teleportation {unknown}
 B - a scroll of noise {unknown}
Potions
 a - a potion of mutation
 d - a potion of magic
 f - a potion of attraction
 g - 2 potions of brilliance {unknown}
 i - 3 potions of curing {unknown}
 k - 2 potions of lignification {unknown}
 l - a potion of degeneration {unknown}
 q - 2 potions of haste {unknown}
 t - 2 potions of heal wounds {unknown}
 z - a potion of resistance {unknown}
 C - a potion of berserk rage {unknown}
 E - a potion of flight {unknown}


   Skills:
 + Level 1.7 Fighting
 - Level 1.0 Armour
 - Level 3.0 Dodging
 - Level 3.0 Stealth
 * Level 7.4 Spellcasting
 + Level 3.3 Conjurations
 - Level 1.1 Summonings
 - Level 1.1 Translocations
 + Level 1.9 Air Magic
 + Level 0.9 Earth Magic
 - Level 1.0 Poison Magic
 + Level 0.9 Evocations


You had 8 spell levels left.
You knew the following spells:

 Your Spells              Type           Power      Damage    Failure   Level
a - Magic Dart            Conj           96%        1d7       1%          1
b - Mephitic Cloud        Conj/Pois/Air  18%        N/A       9%          3
c - Call Imp              Summ           14%        N/A       7%          2
d - Blink                 Tloc           28%        N/A       7%          2
e - Stone Arrow           Conj/Erth      38%        3d9       9%          3

Your spell library contained the following spells:

 Spells                   Type           Power      Damage    Failure   Level
 Sandblast                Erth           26%        2d8       4%          1
 Slow                     Hex            32%        N/A       7%          1
 Cigotuvi's Dreadful Rot  Necr/Pois/Air  26%        N/A       7%          2
 Passwall                 Tmut/Erth      9%         N/A       9%          2
 Inner Flame              Hex/Fire       8%         N/A       21%         3
 Petrify                  Tmut/Erth      11%        N/A       50%         4
 Statue Form              Tmut/Erth      7%         N/A       100%        6


Dungeon Overview and Level Annotations

Branches:
Dungeon (5/15)             Temple (1/1) D:4

Altars:
Ashenzari
Cheibriados
Gozag
Kikubaaqudgha
Makhleb
Nemelex Xobeh
Ru
Trog
Vehumet
Wu Jian
Xom
The Shining One


Innate Abilities, Weirdness & Mutations

Your mind is acute. (Int +4, Str/Dex -1)
Your muscles are strong. (Str +4, Int/Dex -1)
You expend magic power (3 MP) to strengthen your wands.


Message History

The water moccasin poisons you!
Unknown command.
Casting: Magic Dart (safe; 2% risk of failure)
Confirm with . or Enter, or press ? or * to list all spells.
Aiming: Magic Dart (safe; 2% risk of failure)
Press: ? - help, Shift-Dir - straight line The magic dart hits the water moccasin.
The water moccasin is almost dead.
You feel very sick. The water moccasin bites you!
You are more poisoned.
The water moccasin poisons you! The water moccasin bites you.
You are more poisoned.
The water moccasin poisons you!
The orc closely misses the water moccasin.
The orc wizard closely misses the water moccasin.
The orc wizard hits itself with a +0 dagger.
Casting: Magic Dart (safe; 2% risk of failure)
Confirm with . or Enter, or press ? or * to list all spells.
Aiming: Magic Dart (safe; 2% risk of failure)
Press: ? - help, Shift-Dir - straight line The magic dart hits the water moccasin!
You kill the water moccasin!
Vehumet accepts your kill.
* * * LOW HITPOINT WARNING * * *
You feel extremely sick.
Unknown command.
It was a potion of mutation.
You feel extremely strange.
You feel clever.
You feel your magical essence link to the dungeon's wands.
You feel stronger.
* * * LOW HITPOINT WARNING * * *
You feel very sick. The orc completely misses you.
The orc hits itself with a +0 morningstar.
Your magical contamination has completely faded away.
Unknown command.
It was a potion of attraction.
You feel attractive to monsters.
You die...

##......# ##.#....#
##.#....####
##.##...'..##
...##...##..####.##
#####...###.......#
#.).#
##.#########.#
#...# #...#..<..<..
#...# #.#.#@o....#
##### #.#...#.##.#
#...>.# # ###...#
#...# #...# #...>
#.#.## #.#.#


You could see an orc (confused).

Vanquished Creatures
  A water moccasin (D:5)
  A hound (D:5)
  A jelly (D:4)
  Jessica (D:3)
  2 orc wizards (D:4)
  3 gnolls (D:4)
  10 adders
  2 worms
  2 dart slugs
  14 orcs
  6 ball pythons
  6 endoplasms
  7 giant cockroaches
  9 goblins
  6 hobgoblins
  13 kobolds
  4 quokkas
  5 bats
  4 frilled lizards
  13 rats
110 creatures vanquished.

Notes
Turn   | Place    | Note
-------+----------+-------------------------------------------
     0 | D:1      | pokeman the Deep Elf Hedge Wizard began the quest for the
                  | Orb.
     0 | D:1      | Reached XP level 1. HP: 10/10 MP: 7/7
   165 | D:1      | Reached XP level 2. HP: 15/15 MP: 2/9
   577 | D:1      | You fall into a shaft and drop 1 floor!
   674 | D:1      | Reached skill level 5 in Spellcasting
   987 | D:1      | Reached XP level 3. HP: 20/20 MP: 5/11
   991 | D:1      | Learned a level 3 spell: Mephitic Cloud
   994 | D:1      | Learned a level 2 spell: Call Imp
   997 | D:1      | Learned a level 2 spell: Blink
  1101 | D:1      | Got the Parchment of the Singed Mountains
  1440 | D:2      | Reached skill level 1 in Fighting
  1443 | D:2      | Reached skill level 1 in Armour
  1725 | D:2      | Found an opulent altar of Gozag.
  1794 | D:2      | Reached XP level 4. HP: 25/25 MP: 9/13
  2557 | D:3      | Found a faded altar of an unknown god.
  2869 | D:3      | Found a bloodstained altar of Trog.
  2914 | D:3      | Noticed Jessica
  2916 | D:3      | Killed Jessica
  2917 | D:3      | Reached skill level 6 in Spellcasting
  2917 | D:3      | Reached XP level 5. HP: 29/29 MP: 10/15
  3514 | D:4      | Found an ancient bone altar of Kikubaaqudgha.
  3520 | D:4      | Found a shimmering altar of Xom.
  3628 | D:4      | Found a staircase to the Ecumenical Temple.
  3643 | Temple   | Entered the Ecumenical Temple
  3648 | Temple   | Became a worshipper of Vehumet
  3698 | D:4      | Reached skill level 1 in Poison Magic
  3840 | D:4      | Reached skill level 1 in Air Magic
  3847 | D:4      | Found an ornate altar of the Wu Jian Council.
  4374 | D:4      | Reached XP level 6. HP: 34/34 MP: 17/17
  4846 | D:5      | Entered Level 5 of the Dungeon
  4903 | D:5      | Reached skill level 7 in Spellcasting
  5126 | D:5      | Learned a level 3 spell: Stone Arrow
  5397 | D:5      | Noticed a water moccasin
  5405 | D:5      | Killed a water moccasin
  5406 | D:5      | Gained mutation: Your mind is acute. (Int +4, Str/Dex -1)
                  | [potion of mutation]
  5406 | D:5      | Gained mutation: You expend magic power (3 MP) to
                  | strengthen your wands. [potion of mutation]
  5406 | D:5      | Gained mutation: Your muscles are strong. (Str +4, Int/Dex
                  | -1) [potion of mutation]
  5406 | D:5      | HP: 1/35 [poisoned by a water moccasin]
  5407 | D:5      | Succumbed to a water moccasin's poison

Illustrated notes

Levels and vault maps discovered:
D:1:      scummos_arrival_simple_crosswalls, layout_basic,
          kennysheep_nondescript, fountainhead, minmay_fountain_box
D:2:      layout_loops_ring, basic_altar, st_stairs_5
D:3:      layout_loops_ring, mainiacjoe_overflow_boulevard,
          nicolae_ecumenical_oubliette, uniq_jessica
D:4:      layout_basic, nicolae_wu_jian_wuxing_cycle, nicolae_overflow_squiral,
          minmay_temple_entry_grid
D:5:      layout_basic, nicolae_shop_fire_sale [nicolae_sub_dead_trees],
          nrook_loot_triangle, serial_bayou_pond_a
Temple:   nicolae_temple_ecumenical_triangle

Skill      XL: |  1  2  3  4  5  6 |
---------------+-------------------+-----
Spellcasting   | 5 6 7 |  7.4
Fighting       | 1 |  1.7
Armour         | 1 |  1.0
Conjurations   | 2 3 |  3.3
Stealth        | 3 |  3.0
Dodging        | 3 |  3.0
Poison Magic   | 1 |  1.0
Air Magic      | 1 |  1.9
Summonings     | |  1.1
Translocations | |  1.1
Earth Magic    | |  0.9
Evocations     | |  0.9

Action                   |  1- 3 |  4- 6 || total
-------------------------+-------+-------++-------
Melee: Dagger            |     8 |    44 ||    52
 Cast: Magic Dart        |   118 |   152 ||   270
       Mephitic Cloud    |       |     7 ||     7
  Use: Potion            |       |     2 ||     2
 Stab: Sleeping          |     1 |     1 ||     2
       Confused          |       |     2 ||     2
       Distracted        |       |     1 ||     1
Armor: Robe              |     5 |     9 ||    14
Dodge: Dodged            |    12 |    46 ||    58

Table legend: (Time is in decaauts)
 A = Elapsed time spent in this place.
 B = Non-inter-level travel time spent in this place.
 C = Inter-level travel time spent in this place.
 D = Time resting spent in this place.
 E = Time spent auto-exploring this place.
 F = Levels seen in this place.
 G = Mean time per level.
                   A        B        C        D        E       F      G
               +--------+--------+--------+--------+--------+-----+--------+
         Total |   5406 |   5254 |    152 |     57 |   4517 |   6 |  901.0 |
       Dungeon |   5395 |   5243 |    152 |     57 |   4517 |   5 | 1079.0 |
        Temple |     10 |     10 |      0 |      0 |      0 |   1 |   10.0 |
               +--------+--------+--------+--------+--------+-----+--------+

Top non-repeatable levels by time:
     D:4: 1503 daAuts
     D:1: 1256 daAuts
     D:2: 1248 daAuts
     D:3: 826 daAuts
     D:5: 560 daAuts
  Temple: 10 daAuts
